 Dungeon Crawl Stone Soup version 0.28.0-43-g3370ac3207 (webtiles) character file.

Game seed: 11501334768306308302

46 vvl the Chiller (level 3, -6/25 HPs)
             Began as a Demonspawn Ice Elementalist on Mar 23, 2022.
             Mangled by a gnoll
             ... wielding a +1 flail of holy wrath
              (13 damage)
             ... on level 2 of the Dungeon on Mar 24, 2022.
             The game lasted 00:05:34 (1786 turns).

vvl the Chiller (Demonspawn Ice Elementalist)       Turns: 1786, Time: 00:05:34

Health: -6/25      AC:  7    Str: 10    XL:     3   Next: 46%
Magic:  5/6        EV: 12    Int: 16    God:
Gold:   35         SH:  0    Dex: 13    Spells: 5/6 levels left

rFire   . . .      SeeInvis .   k - +0 short sword
rCold   . . .      Faith    .   (no shield)
rNeg    . . .      Spirit   .   a - +0 robe
rPois   .          Reflect  .   (no helmet)
rElec   .          Harm     .   d - +0 cloak
rCorr   .          Rampage  .   (no gloves)
Will    .....                   (no boots)
Stlth   ++........              (no amulet)
HPRegen 0.08/turn               j - +4 ring of protection
MPRegen 0.10/turn               (no ring)

@: no status effects
A: hooves 1
a: no special abilities


You were on level 2 of the Dungeon.
You visited 1 branch of the dungeon, and saw 2 of its levels.

You collected 35 gold pieces.

Inventory:

Hand Weapons
 k - a +0 short sword (weapon)
Armour
 a - a +0 robe (worn)
 d - a +0 cloak (worn)
Jewellery
 j - a +4 ring of protection (left hand)
Scrolls
 b - a scroll of magic mapping {unknown}
 c - a scroll of teleportation {unknown}
 e - a scroll of identify {unknown}
 f - a scroll of enchant weapon {unknown}
 i - a scroll of noise {unknown}
Potions
 g - a potion of lignification {unknown}
 h - a potion of attraction {unknown}


   Skills:
 + Level 0.8 Fighting
 + Level 0.9 Armour
 + Level 2.1 Dodging
 - Level 2.0 Stealth
 + Level 2.3 Spellcasting
 * Level 4.0 Ice Magic


You had 5 spell levels left.
You knew the following spells:

 Your Spells              Type           Power      Damage    Failure   Level
a - Freeze                Ice            56%        1d7       3%          1

Your spell library contained the following spells:

 Spells                   Type           Power      Damage    Failure   Level
 Frozen Ramparts          Ice            28%        1d4       12%         3
 Ozocubu's Armour         Ice            14%        N/A       12%         3
 Hailstorm                Conj/Ice       8%         3d4       65%         4


Dungeon Overview and Level Annotations

Branches:
Dungeon (2/15)

Altars:


Innate Abilities, Weirdness & Mutations

You have large cloven feet.


Message History

The endoplasm closely misses you.
You freeze the endoplasm.
You kill the endoplasm!
Magic restored.
i - a scroll labelled ZAPYIL OSKA
j - a +4 ring of protection A gnoll and a kobold come into view.
The gnoll is wielding a +1 flail of holy wrath.
There are monsters nearby!
You freeze the kobold.
You kill the kobold!
The gnoll shouts!
Things that are here:
a +0 short sword; 2 stones
k - a +0 short sword
j - a +4 ring of protection (left hand)
k - a +0 short sword (weapon)
The gnoll hits you with a +1 flail of holy wrath.
You convulse.
You freeze the gnoll.
The gnoll is lightly wounded.
The gnoll shaman shouts!
The gnoll shouts!
The gnoll shaman calls upon its god to speed up the gnoll.
The gnoll seems to speed up.
The gnoll hits you with a +1 flail of holy wrath.
You convulse.
You freeze the gnoll!
The gnoll is severely wounded.
The gnoll hits you with a +1 flail of holy wrath.
You convulse!
* * * LOW HITPOINT WARNING * * *
Unknown command.
You see here 2 stones.
The gnoll closely misses you.
The gnoll throws a poisoned dart.
The poisoned dart closely misses you.
There is a stone staircase leading up here.
The gnoll barely misses you.
The gnoll hits you with a +1 flail of holy wrath!
Ouch! That really hurt!
You die...

.. #.#...#.....#... .##.
#.#............# ...##.#
#.##.....####..# ### #..
#.# #.####...# #.# ..#
#.###.# #.###....# ..
#.####..##.# #.#.g.#..#
. .(..g....#.##
###...####..#
#......#....####..g.###
#..#
#......#....#.).@g....#
#....
†.........g.#.........#
.##.#
#......................#
..
#.###..#......####.###.#
..###..##.#...####.# ...
#..................# ..#
##..................#
..#
...........####...<...
...>..................


You could see a gnoll shaman and 2 gnolls.

Vanquished Creatures
  2 gnolls
  An adder (D:2)
  2 endoplasms
  2 goblins
  3 hobgoblins
  2 kobolds (D:2)
  A quokka (D:2)
  A ball python (D:1)
  A frilled lizard (D:1)
  3 rats
18 creatures vanquished.

Notes
Turn   | Place    | Note
-------+----------+-------------------------------------------
     0 | D:1      | vvl the Demonspawn Ice Elementalist began the quest for the
                  | Orb.
     0 | D:1      | Reached XP level 1. HP: 13/13 MP: 3/3
   888 | D:2      | Noticed a gnoll shaman
   937 | D:2      | Gained mutation: You have large cloven feet. [demonic
                  | ancestry]
   937 | D:2      | Reached XP level 2. HP: 19/19 MP: 0/5
  1437 | D:1      | Reached skill level 4 in Ice Magic
  1437 | D:1      | Reached XP level 3. HP: 16/25 MP: 2/6
  1786 | D:2      | Mangled by a gnoll

Illustrated notes

Levels and vault maps discovered:
D:1:      nzn_arrival_crosshair, layout_basic, chequers_serial_rivers_micro_c
D:2:      layout_rooms, grunt_decor_mini_mirrors

Skill      XL: |  1  2 |
---------------+-------+-----
Dodging        | 2 |  2.1
Stealth        | 2 |  2.0
Ice Magic      | 4 |  4.0
Fighting       | |  0.8
Armour         | |  0.9
Spellcasting   | |  2.3

Action                   || total
-------------------------++-------
Melee: Unarmed           ||     7
 Cast: Freeze            ||    41
Armor: Robe              ||     3
Dodge: Dodged            ||    37
